 Dungeon Crawl Stone Soup version 0.30-a0-358-g0d69a1922f (console) character file.

Game seed: 11191112356718502870

100237 jejorda2 the Impaler (level 16, -15/190 HPs)
             Began as a Merfolk Berserker on Nov 8, 2022.
             Was an Elder of Trog.
             Demolished by a white very ugly thing (17 damage)
             ... on level 14 of the Dungeon.
             The game lasted 00:59:34 (22526 turns).

jejorda2 the Impaler (Merfolk Berserker)           Turns: 22526, Time: 00:59:35

Health: -15/190    AC: 27    Str: 24    XL:     16   Next: 27%
Magic:  5/5        EV:  6    Int:  6    God:    Trog [****..]
Gold:   1025       SH:  0    Dex: 17    Spells: 15/15 levels left

rFire   + + .      SeeInvis .    a - +4 glaive (antimagic)
rCold   + + .      Faith    .    (shield currently unavailable)
rNeg    + . .      Spirit   .    g - +1 gold dragon scales
rPois   +          Reflect  .    (no helmet)
rElec   +          Harm     .    k - +0 cloak
rCorr   .          Rampage  .    Q - +3 pair of gloves of Noikloul {rElec rPois}
Will    +++..                    l - +1 pair of boots of Defiance {rN+}
Stlth   ..........               v - amulet of the acrobat
HPRegen 1.51/turn                L - ring of protection from cold
MPRegen 0.09/turn                J - ring of protection from fire

@: berserking, strong-willed, regenerating, studying Unarmed Combat, very quick
A: (nimble swimmer 2), mertail, agile 1, wild magic 1
a: Renounce Religion, Berserk, Trog's Hand, Brothers in Arms


You were on level 14 of the Dungeon.
You worshipped Trog.
Trog was greatly pleased with you.
You visited 2 branches of the dungeon, and saw 19 of its levels.
You visited the Abyss 1 time.
You also visited: Bailey and Gauntlet.

You collected 1861 gold pieces.
You spent 836 gold pieces at shops.

Inventory:

Hand Weapons
 a - a +4 antimagic glaive (weapon)
 b - a +0 trident
Missiles
 e - 209 stones
 h - 9 javelins
 o - 18 poisoned darts
 s - 3 silver javelins
 x - 2 datura-tipped darts
 I - 8 boomerangs (quivered)
 M - 8 curare-tipped darts
 O - a throwing net
Armour
 g - +1 gold dragon scales (worn)
 k - a +0 cloak (worn)
 l - the +1 pair of boots of Defiance (worn) {rN+}
   (You acquired it on level 1 of the Lair of Beasts)

   rN:        It protects you from negative energy.
 Q - the +3 pair of gloves of Noikloul (worn) {rElec rPois}
   (You found it on level 10 of the Dungeon)

   rElec:     It insulates you from electricity.
   rPois:     It protects you from poison.
Jewellery
 d - a ring of flight
 v - an amulet of the acrobat (around neck)
 C - the ring of Nolucob {rPois SInv}
   (You found it on level 5 of the Dungeon)

   [ring of poison resistance]

   rPois:     It protects you from poison.
   SInv:      It lets you see invisible.
 J - a ring of protection from fire (right hand)
 L - a ring of protection from cold (left hand)
Wands
 c - a wand of paralysis (7)
 f - a wand of polymorph (3)
 q - a wand of iceblast (11)
 y - a wand of mindburst (36)
 K - a wand of acid (9)
 N - a wand of digging (9)
Scrolls
 i - 3 scrolls of immolation
 m - 5 scrolls of teleportation
 n - 2 scrolls of poison
 z - 4 scrolls of blinking
 A - a scroll of summoning
 B - 3 scrolls of butterflies
 H - 10 scrolls of identify
 P - 3 scrolls of fear
 R - 2 scrolls of silence
Potions
 j - a potion of heal wounds
 p - a potion of flight
 r - 7 potions of berserk rage
 t - 3 potions of resistance
 u - 11 potions of curing
 w - a potion of haste
 D - 4 potions of mutation
 E - 3 potions of attraction
 F - 4 potions of might
 G - 2 potions of cancellation
Miscellaneous
 T - a condenser vane


   Skills:
 - Level 12.0 Fighting
 - Level 20.6 Polearms
 + Level 14.4 Throwing
 + Level 11.5 Armour
 - Level 2.6 Dodging
 - Level 6.0 Evocations


You had 15 spell levels left.
You didn't know any spells.
Your spell library was empty.

Dungeon Overview and Level Annotations

Branches:
Dungeon (14/15)            Temple (0/1) D:4            Lair (5/5) D:9
  Swamp (0/4) Lair:2       Spider (0/4) Lair:3        Slime (0/5) Lair:4
    Orc (0/2) D:11         Vaults (0/5) D:13         Bailey (visited)
Gauntlet (visited)

Altars:
Cheibriados
Elyvilon
Gozag
Makhleb
Nemelex Xobeh
Trog
Uskayaw
Vehumet
Xom
Yredelemnul
Jiyva

Shops:
D:4 [   D:9 !

Portals:
Hell: Lair:5
Ice
Cave: D:14

Annotations:
D:1 2 transporters
D:7 1 runed translucent door, NinjaNoafa's ghost, novice MfGl
D:14 2 runed translucent doors


Innate Abilities, Weirdness & Mutations

((You are very nimble when in or above water. (Stealth+, EV+, Speed+++)))
Your lower body shifts to a powerful aquatic tail in water.
You are agile. (Dex +4, Str/Int -1)
Your spells are a little harder to cast, but a little more powerful.


Message History

The white ugly thing pecks your ogre. The white ugly thing freezes your ogre!
Your ogre dies!
Your ogre's corpse disappears in a puff of smoke!
Your two-headed ogre hits the brown ugly thing with a +0 giant club!!
The brown ugly thing dies!
Trog accepts your kill.
You closely miss the white ugly thing.
The white ugly thing is lightly wounded.
The white ugly thing basks in the mutagenic energy from its kin and changes!
The white ugly thing tail-slaps you but does no damage.
The white very ugly thing pecks you!
* * * LOW HITPOINT WARNING * * *
The white very ugly thing freezes you! You resist.
* * * LOW HITPOINT WARNING * * *
The cyan ugly thing trunk-slaps your two-headed ogre!
The cyan ugly thing shocks your two-headed ogre!
You barely miss the white ugly thing.
The white ugly thing is lightly wounded.
You slash the white ugly thing!
The white ugly thing is lightly wounded.
Your two-headed ogre misses the cyan ugly thing.
Your two-headed ogre hits the cyan ugly thing with a +0 giant spiked club!!
The white ugly thing completely misses you.
The white very ugly thing pecks you!
* * * LOW HITPOINT WARNING * * *
The white very ugly thing freezes you! You resist.
* * * LOW HITPOINT WARNING * * *
The cyan ugly thing trunk-slaps your two-headed ogre but does no damage.
You slice the white very ugly thing!!
The white very ugly thing is moderately wounded.
The white ugly thing pecks you but does no damage.
You slash the white very ugly thing!
The white very ugly thing is heavily wounded.
Your two-headed ogre barely misses the cyan ugly thing.
Your two-headed ogre hits the cyan ugly thing with a +0 giant spiked club!!
The white ugly thing tail-slaps you but does no damage.
The white very ugly thing pecks you!
* * * LOW HITPOINT WARNING * * *
The white very ugly thing freezes you! You resist.
You die...

..# # #.......∩. ..#
#..#........... ..#
#..#........... ..+
#..#...........
..######+#........#...#..
...............u.........
.............u†..........
.#######......Ouuu......
.# #........@.....# ##
#..............# #
#...###........# # +..
#........# # +.
#........# # #........# #
#........# ## #........#
.## ##.......#


You could see a white very ugly thing, 4 ugly things and a friendly two-headed
ogre (summoned, berserk).

Vanquished Creatures
  A bone dragon (Abyss:2)
  A draconian annihilator (Abyss:2)
  A minotaur (Gauntlet)
  A jiangshi (Abyss:2)
  A hell beast (Lair:5)
  Erolcha (D:12)
  A vault guard (D:13)
  7 hydras
  A centaur warrior (D:13)
  2 boulder beetles
  A catoblepas (Lair:5)
  3 two-headed ogres
  A vampire mage (Abyss:2)
  A hell hog (Gauntlet)
  Urug (D:10)
  Sonja (D:10)
  A skeletal warrior (D:13)
  2 wretched stars (Abyss:2)
  A glowing orange brain (Abyss:2)
  A bog body (Lair:2)
  5 lindwurms
  3 wizards
  A deep elf pyromancer (D:14)
  5 ugly things
  5 manticores
  2 cyclopes (D:13)
  14 elephants
  12 cane toads
  A black mamba (Lair:2)
  2 smoke demons
  An orange demon (Lair:5)
  8 torpor snails
  2 unseen horrors
  4 gargoyles
  Psyche (D:8)
  4 rime drakes
  A komodo dragon (shapeshifter) (D:14)
  A freezing wraith (Abyss:2)
  14 komodo dragons
  An ice devil (Lair:5)
  A red devil (Lair:5)
  3 trolls
  A slime creature (D:13)
  7 dream sheep (Lair:4)
  12 blink frogs
  Sigmund (D:3)
  A shadow (D:13)
  4 fire bats (Gauntlet)
  2 wraiths (D:13)
  5 large abominations
  7 wyverns
  A water elemental (Abyss:2)
  A ynoxinul (Abyss:2)
  Grum (D:8)
  37 yaks
  4 basilisks
  2 neqoxecs (Abyss:2)
  Menkaure (D:7)
  A steam dragon (D:8)
  17 vampire mosquitoes
  A chaos spawn (Abyss:2)
  A warg (D:11)
  3 acid dragons
  5 hell hounds
  20 water moccasins
  9 orc warriors
  A sky beast (D:7)
  An ice beast (D:7)
  9 black bears
  12 wolves
  4 ogres
  7 small abominations
  2 centaurs
  A phantom (D:7)
  A kobold brigand (D:8)
  6 bullfrogs
  2 gnoll sergeants
  3 scorpions
  3 wights (D:6)
  2 howler monkeys
  8 starcursed masses (Abyss:2)
  2 jellies
  7 orc priests
  3 hounds
  3 iguanas
  14 orc wizards
  17 adders
  18 gnolls
  A shadow imp (D:6)
  4 white imps
  2 ufetubi
  A worm (D:3)
  4 dart slugs
  52 orcs
  3 bats
  4 endoplasms
  6 giant cockroaches
  14 goblins
  12 hobgoblins
  7 jackals (D:1)
  3 quokkas (D:1)
  5 ball pythons
  6 frilled lizards
  8 kobolds
  5 rats
  A lurking horror (Abyss:2)
529 creatures vanquished.

Vanquished Creatures (collateral kills)
  2 starcursed masses (Abyss:2)
  A jiangshi (Abyss:2)
  Lodul (D:10)
  An ugly thing (D:14)
  An orange demon (Lair:5)
  A kobold demonologist (Abyss:2)
  2 ice devils (Lair:5)
  A harpy skeleton (Abyss:2)
  6 ogres (D:10)
16 creatures vanquished.

Vanquished Creatures (others)
  A bush (Lair:4)
  3 demonic plants (Gauntlet)
  16 fungi
  A lurking horror (Abyss:2)
  26 plants
47 creatures vanquished.

Grand Total: 592 creatures vanquished

Notes
Turn   | Place    | Note
-------+----------+-------------------------------------------
     0 | D:1      | jejorda2 the Merfolk Berserker began the quest for the Orb.
     0 | D:1      | Reached XP level 1. HP: 18/18 MP: 1/1
    76 | D:1      | Reached XP level 2. HP: 16/24 MP: 2/2
   265 | D:1      | Reached XP level 3. HP: 25/29 MP: 3/3
   411 | D:1      | Reached ** piety under Trog
   614 | D:1      | Found a faded altar of an unknown god.
   785 | D:1      | Reached skill level 5 in Polearms
  1115 | D:2      | Reached XP level 4. HP: 26/37 MP: 4/4
  1353 | D:2      | Reached skill level 1 in Throwing
  1353 | D:2      | Reached XP level 5. HP: 33/42 MP: 5/5
  2028 | D:3      | Found a sparkling altar of Nemelex Xobeh.
  2030 | D:3      | Found a radiant altar of Vehumet.
  2084 | D:3      | Reached skill level 6 in Polearms
  2151 | D:3      | Found a white marble altar of Elyvilon.
  2245 | D:3      | Found a bloodstained altar of Trog.
  2259 | D:3      | Found a burning altar of Makhleb.
  2300 | D:3      | Noticed Sigmund
  2314 | D:3      | Killed Sigmund
  2315 | D:3      | Reached XP level 6. HP: 49/49 MP: 6/6
  2545 | D:4      | Noticed a black bear
  2549 | D:4      | Reached skill level 7 in Polearms
  2551 | D:4      | Reached XP level 7. HP: 55/55 MP: 7/7
  2554 | D:4      | Reached skill level 5 in Fighting
  2651 | D:4      | Found Fraech's Dragon-Slaying Spoils.
  2809 | D:4      | Identified the +1 robe "Bymaytib" {rF++ Slay+3}
  2842 | D:4      | Found a staircase to the Ecumenical Temple.
  2845 | D:4      | Reached *** piety under Trog
  3183 | D:5      | Entered Level 5 of the Dungeon
  3276 | D:5      | Reached skill level 8 in Polearms
  3664 | D:5      | Identified the ring of Nolucob {rPois SInv}
  3758 | D:5      | Reached XP level 8. HP: 63/63 MP: 8/8
  3854 | D:6      | Found a basalt altar of Yredelemnul.
  4312 | D:6      | Reached skill level 9 in Polearms
  4627 | D:6      | Found a shimmering altar of Xom.
  4783 | D:7      | Reached skill level 10 in Polearms
  4944 | D:7      | Noticed Menkaure
  4953 | D:7      | Killed Menkaure
  4954 | D:7      | Reached XP level 9. HP: 45/69 MP: 9/9
  5059 | D:7      | Reached skill level 11 in Polearms
  5388 | D:7      | Found a runed translucent door.
  5388 | D:7      | Found a shimmering altar of Xom.
  5388 | D:7      | Noticed NinjaNoafa's ghost (novice MfGl)
  5389 | D:7      | Noticed a +0 mace of chaos
  5510 | D:7      | Identified the +0 ring mail of Bursted Music {Str+2}
  5686 | D:8      | Noticed a two-headed ogre
  5692 | D:8      | Killed a two-headed ogre
  5693 | D:8      | Reached skill level 12 in Polearms
  5693 | D:8      | Reached skill level 5 in Armour
  5774 | D:8      | Noticed a two-headed ogre
  5781 | D:8      | Killed a two-headed ogre
  5782 | D:8      | Reached skill level 13 in Polearms
  5784 | D:8      | Reached XP level 10. HP: 57/76 MP: 10/10
  5801 | D:8      | HP: 2/76 [wyvern (14)]
  5832 | D:8      | Noticed Grum
  5859 | D:8      | Reached skill level 14 in Polearms
  5884 | D:8      | Killed Grum
  5905 | D:8      | Found a flagged portal.
  5917 | Bailey   | Entered a bailey
  6098 | Bailey   | Reached skill level 18 in Polearms
  6098 | Bailey   | Reached XP level 11. HP: 78/78 MP: 11/11
  6099 | Bailey   | Reached skill level 20 in Polearms
  6099 | Bailey   | Reached XP level 12. HP: 89/89 MP: 12/12
  6100 | Bailey   | Reached XP level 13. HP: 95/95 MP: 13/13
  6301 | D:8      | Found an opulent altar of Gozag.
  6338 | D:8      | Reached **** piety under Trog
  6777 | D:8      | Noticed Psyche
  6785 | D:8      | Killed Psyche
  6844 | D:8      | Found a hide-covered altar of Uskayaw.
  6965 | D:8      | Reached skill level 5 in Evocations
  7429 | D:9      | Found a staircase to the Lair.
  7758 | D:9      | Found Luryss Ysarph's Distillery.
  7764 | D:9      | Bought a potion of curing for 36 gold pieces
  8077 | D:10     | Entered Level 10 of the Dungeon
  8098 | D:10     | Reached ***** piety under Trog
  8224 | D:10     | Noticed Sonja
  8229 | D:10     | Noticed Lodul
  8233 | D:10     | Killed Sonja
  8244 | D:10     | Killed Lodul
  8601 | D:10     | Noticed Urug
  8612 | D:10     | Killed Urug
  8867 | D:10     | Identified the +3 pair of gloves of Noikloul {rElec rPois}
  9583 | D:11     | Found a staircase to the Orcish Mines.
  9743 | D:11     | Identified the +11 rapier of Beogh's Scorn {freeze, *Rage
                  | rF+ rC++}
 11004 | D:4      | Bought +0 gold dragon scales for 800 gold pieces
 11132 | Lair:1   | Entered Level 1 of the Lair of Beasts
 11573 | Lair:1   | Reached skill level 10 in Fighting
 11573 | Lair:1   | Reached XP level 14. HP: 110/110 MP: 14/14
 12297 | Lair:1   | Identified a scroll of acquirement
 12297 | Lair:1   | Acquired the +1 pair of boots of Defiance {rN+}
 12731 | Lair:2   | Found a staircase to the Swamp.
 13045 | Lair:2   | Reached skill level 10 in Throwing
 13998 | Lair:3   | Found a hole to the Spider Nest.
 14815 | Lair:4   | Found a viscous altar of Jiyva.
 14815 | Lair:4   | Found a staircase to the Slime Pits.
 15141 | Lair:4   | You are sucked into a shaft and drop 1 floor!
 15141 | Lair:5   | Entered Level 5 of the Lair of Beasts
 15181 | Lair:5   | Found a snail-covered altar of Cheibriados.
 15637 | Lair:5   | Reached ****** piety under Trog
 15911 | Lair:5   | Received a gift from Trog
 16081 | Lair:4   | Reached XP level 15. HP: 83/120 MP: 5/15
 18065 | Abyss:2  | Cast into level 2 of the Abyss (a wizard)
 18130 | Abyss:2  | Gained mutation: You are vulnerable to cold. (rC-) [a
                  | neqoxec]
 18183 | Abyss:2  | Killed a starcursed mass
 18184 | Abyss:2  | Reached skill level 10 in Armour
 18205 | Abyss:2  | Found an iron altar of Okawaru.
 18237 | Abyss:2  | Found an iron altar of Okawaru.
 18404 | Abyss:2  | Paralysed by accursed screaming for 1 turns
 18560 | Abyss:2  | HP: 5/120 [jiangshi[a vampire mage] (10)]
 18573 | Abyss:2  | Noticed a bone dragon
 18603 | Abyss:2  | HP: 2/177 [bone dragon (11)]
 18604 | Abyss:2  | Killed a bone dragon
 18613 | Lair:5   | Escaped the Abyss
 18816 | Lair:5   | Lost mutation: You are vulnerable to cold. (rC-) [potion of
                  | mutation]
 18816 | Lair:5   | Gained mutation: Your spells are a little harder to cast,
                  | but a little more powerful. [potion of mutation]
 18816 | Lair:5   | Gained mutation: You are agile. (Dex +4, Str/Int -1)
                  | [potion of mutation]
 19117 | Lair:5   | Found a burning altar of Makhleb.
 19388 | Lair:5   | Found a gateway to Hell.
 19677 | D:12     | Found a gate leading to a gauntlet.
 19696 | Gauntlet | Entered a Gauntlet
 19696 | Gauntlet | Found a transporter.
 19696 | Gauntlet | Found a transporter.
 19700 | Gauntlet | Found a transporter.
 19700 | Gauntlet | Found a transporter.
 19702 | Gauntlet | Found a transporter.
 19710 | Gauntlet | Found a transporter.
 19725 | Gauntlet | Found a transporter.
 19732 | Gauntlet | Found a transporter.
 19750 | Gauntlet | Found a transporter.
 19758 | Gauntlet | Found a transporter.
 19778 | Gauntlet | Found a transporter.
 19830 | Gauntlet | Found a transporter.
 19919 | Gauntlet | Identified the ring "Roenefea" {Contam rF+ Int+6 Dex+4}
 20042 | Gauntlet | Identified the +7 chain mail of the Distant Future {Fly
                  | rC+}
 20110 | Gauntlet | Identified the +1 halberd "Mebas" {venom, rC+ rN+ Int+2
                  | Dex-2}
 20672 | D:12     | Reached XP level 16. HP: 102/127 MP: 5/16
 20820 | D:12     | Noticed Erolcha
 20832 | D:12     | Killed Erolcha
 20884 | D:12     | Identified the +6 chain mail of Exclusion {rPois Stlth+}
 22117 | D:13     | Found a gate to the Vaults.
 22510 | D:14     | Found a runed translucent gate.
 22510 | D:14     | Found a runed translucent gate.
 22511 | D:14     | Found a frozen archway.
 22526 | D:14     | HP: 2/190 [white very ugly thing (13)]
 22526 | D:14     | Demolished by a white very ugly thing

Illustrated notes

Levels and vault maps discovered:
D:1:      spicycebolla_arrival_transporter_tutorial, layout_basic,
          dreamdust_ecumenical_altar_angels_and_demons, minmay_domino_2
D:2:      layout_basic, chequers_serial_rivers_room_a
D:3:      layout_rooms, nicolae_overflow_hidden_temple, elyvilon_altar_5,
          uniq_sigmund
D:4:      layout_basic, minmay_temple_entry_offerings, nicolae_shop_dragon_depot
D:5:      layout_gridville
D:6:      layout_rooms, mainiacjoe_overflow_boulevard,
          mainiacjoe_overflow_catwalk
D:7:      layout_gridville, ebering_ghost_xom, uniq_menkaure
D:8:      layout_basic, nicolae_uskayaw_dance_studio,
          nicolae_gozag_seed_capital, enter_bailey_3, item_on_display_a,
          uniq_psyche, uniq_grum
D:9:      layout_grid_maze, minmay_lair_entry_grove, serial_shops,
          nicolae_shop_hallway_plus
D:10:     layout_irregular_city, uniq_urug, uniq_sonja, uniq_lodul
D:11:     layout_loops_corners, erik_orc_3
D:12:     layout_cave_pools, gauntlet_entry_generic, small_chamber_with_monster,
          uniq_erolcha
D:13:     layout_gridville, david_vaults_5
D:14:     layout_irregular_city, portal_ice_cave_entry_ugly_swarm,
          gammafunk_ghost_cemetery, cheibriados_altar_1,
          nicolae_elevator_lobby_plus, uniq_louise
Lair:1:   layout_long_grid, wad_woods_river_03, nzn_sisyphean_effort
Lair:2:   layout_cave_shapes, skrybe_swamp_entry_bodies,
          chequers_serial_rivers_marsh, st_stairs_8
Lair:3:   layout_chaotic_city, spider_nest_entry_web_field, grunt_megastairs_4
Lair:4:   layout_loops_ring, slime_entry_1, minmay_lindwurm_lava
Lair:5:   evil_forest, layout_big_grid, kennysheep_snail_temple,
          lemuel_fruit_tree, grunt_megastairs_5

Skill      XL: |  1  2  3  4  5  6  7  8  9 10 11 12 13 14 15 16 |
---------------+-------------------------------------------------+-----
Polearms       | 5 6 7 8 10 13 18 20 | 20.6
Armour         | 2 3 4 5 6 7 9 11 | 11.5
Fighting       | 4 5 6 8 10 12 | 12.0
Throwing       | 1 2 3 4 7 9 11 13 14 | 14.4
Evocations     | 4 6 |  6.0
Dodging        | |  2.6

Action                   |  1- 3 |  4- 6 |  7- 9 | 10-12 | 13-15 | 16-18 || total
-------------------------+-------+-------+-------+-------+-------+-------++-------
Melee: Spear             |   158 |    47 |       |       |       |       ||   205
       Punch             |     1 |     1 |       |       |     1 |       ||     3
       Trident           |       |    53 |       |       |    56 |    16 ||   125
       Halberd           |       |    14 |   253 |    90 |   747 |       ||  1104
       Glaive            |       |       |       |       |   443 |   159 ||   602
Throw: Stone             |     1 |     1 |     2 |       |     9 |       ||    13
       Dart              |       |       |       |       |    12 |       ||    12
       Javelin           |       |       |       |       |    10 |       ||    10
       Boomerang         |       |       |       |       |     6 |       ||     6
Invok: Berserk           |     1 |     3 |     4 |     1 |    18 |     1 ||    28
       Trog's Hand       |       |     1 |     1 |     5 |    14 |     3 ||    24
       Brothers in Arms  |       |       |       |       |     5 |     2 ||     7
  Use: Scroll            |       |       |    15 |     2 |    16 |       ||    33
       Potion            |       |       |       |     4 |     9 |       ||    13
Armor: Animal skin       |    10 |       |       |       |       |       ||    10
       Chain mail        |    12 |    50 |    72 |       |   105 |       ||   239
       Plate armour      |       |       |    44 |    40 |     8 |       ||    92
       Gold dragon scale |       |       |       |       |   465 |   101 ||   566
Dodge: Dodged            |    68 |    39 |    81 |    44 |   308 |    44 ||   584

Table legend: (Time is in decaauts)
 A = Elapsed time spent in this place.
 B = Non-inter-level travel time spent in this place.
 C = Inter-level travel time spent in this place.
 D = Time resting spent in this place.
 E = Time spent auto-exploring this place.
 F = Levels seen in this place.
 G = Mean time per level.
                   A        B        C        D        E       F      G
               +--------+--------+--------+--------+--------+-----+--------+
         Total |  22227 |  20983 |   1244 |   3352 |  13713 |  22 | 1010.3 |
       Dungeon |  13221 |  12279 |    942 |   1257 |   8733 |  14 |  944.4 |
          Lair |   7733 |   7431 |    302 |   1822 |   4549 |   5 | 1546.6 |
         Abyss |    521 |    521 |      0 |    151 |     53 |   1 |  521.0 |
        Bailey |    330 |    330 |      0 |     24 |    209 |   1 |  330.0 |
      Gauntlet |    420 |    420 |      0 |     97 |    169 |   1 |  420.0 |
               +--------+--------+--------+--------+--------+-----+--------+

Top non-repeatable levels by time:
  Lair:5: 2422 daAuts
  Lair:4: 1660 daAuts
    D:11: 1614 daAuts
  Lair:2: 1399 daAuts
    D:13: 1328 daAuts
     D:9: 1262 daAuts
  Lair:1: 1201 daAuts
     D:2: 1102 daAuts
     D:8: 1096 daAuts
  Lair:3: 1050 daAuts
    D:10: 1021 daAuts
     D:7: 895 daAuts
     D:1: 887 daAuts
    D:12: 841 daAuts
     D:5: 827 daAuts
